Map: Galactic Process LE

Players

Bisso

  • Race: Protoss Protoss
  • League: Gold

Nickos - Winner!

  • Race: Terran Terran
  • League: Gold

VOD

Have the link to the VOD?

Description

Time

  • Played on: Sept. 26, 2016, 5:03 a.m.
  • Length: 9:30
Show
View Real Time Build Order
Export as new Build Order

Bisso Protoss 

Build Orders: 1 Gate Expand 

Get SALT Encoding   

  12  0:01  Probe (Chrono Boost)  
  13  0:15  Pylon  
  13  0:17  Probe (Chrono Boost)  
  14  0:28  Probe (Chrono Boost)  
  15  0:40  Gateway  
  15  0:45  Probe (Chrono Boost)  
  16  0:56  Assimilator  
  16  0:57  Probe (Chrono Boost)  
  17  1:08  Probe (Chrono Boost)  
  18  1:20  Probe (Chrono Boost)  
  19  1:29  Cybernetics Core  
  19  1:31  Probe (Chrono Boost)  
  20  1:39  Nexus  
  20  1:46  Pylon  
  20  1:59  Assimilator  
  20  2:02  Probe (Chrono Boost)  
  21  2:13  Mothership Core (Chrono Boost)  
  23  2:19  Pylon  
  23  2:27  Stalker  
  25  2:44  Gateway  
  25  2:48  Assimilator  
  25  2:59  Warp Gate, Assimilator  
  25  3:02  Probe (Chrono Boost)  
  25  3:04  Probe (Chrono Boost)  
  27  3:16  Probe (Chrono Boost)  
  27  3:19  Pylon  
  28  3:21  Forge  
  28  3:29  Probe (Chrono Boost)  
  28  3:32  Stalker  
  31  3:36  Pylon  
  31  3:41  Probe (Chrono Boost)  
  32  3:47  Pylon  
  32  3:58  Protoss Ground Weapons Level 1  
  32  4:01  Stalker  
  34  4:04  Gateway  
  34  4:05  Stalker  
  36  4:14  Probe (Chrono Boost)  
  37  4:27  Stalker  
  37  4:31  Stalker  
  41  4:40  Pylon  
  41  4:55  Protoss Air Weapons Level 1  
  41  5:04  Probe (Chrono Boost)  
  42  5:17  Gateway  
  42  5:20  Gateway, Stalker  
  42  5:21  Pylon, Stalker x2  
  46  5:27  Probe (Chrono Boost)  
  49  5:36  Photon Cannon  
  49  5:37  Protoss Ground Armor Level 1  
  49  5:38  Gateway  
  49  5:39  Probe (Chrono Boost)  
  46  6:07  Stalker x3  
  42  6:16  Gateway  
  42  6:18  Pylon  
  38  6:27  Mothership Core (Chrono Boost)  
  40  6:36  Twilight Council, Stalker x2  
  40  6:37  Stalker  
  45  6:54  Probe (Chrono Boost)  
  45  7:02  Robotics Facility  
  45  7:05  Stalker x2  
  45  7:06  Probe (Chrono Boost)  
  50  7:16  Protoss Shields Level 1  
  50  7:24  Stalker x3  
  52  8:07  Stalker x4  
  58  8:19  Zealot x3  
  50  8:31  Stalker  
  50  8:32  Stalker x2  
  48  8:38  Zealot  
  47  9:03  Stalker  
  47  9:04  Stalker x2  
  47  9:12  Zealot x3  
Show
View Real Time Build Order
Export as new Build Order

Nickos Terran - Winner!

Build Orders: MMM Bio 

Get SALT Encoding   

  12  0:01  SCV  
  13  0:13  SCV  
  14  0:18  Supply Depot  
  14  0:25  SCV  
  15  0:39  SCV  
  15  0:41  Barracks  
  16  0:51  SCV  
  17  1:03  SCV  
  18  1:16  SCV  
  19  1:24  Command Center  
  19  1:30  Orbital Command  
  19  1:33  Marine  
  20  1:45  Barracks  
  20  1:53  Supply Depot, Marine  
  21  1:58  SCV  
  22  2:11  SCV  
  22  2:14  Marine  
  24  2:21  Refinery, Barracks  
  24  2:23  Refinery, SCV  
  25  2:36  Orbital Command, SCV  
  25  2:37  Marine  
  26  2:45  Marine  
  26  2:48  SCV  
  28  3:00  SCV  
  28  3:03  SCV  
  31  3:09  Barracks Tech Lab  
  31  3:10  Barracks Reactor  
  30  3:15  SCV x2  
  32  3:20  Barracks Reactor  
  32  3:27  SCV x2  
  32  3:29  Bunker  
  32  3:32  Supply Depot  
  34  3:34  Marauder  
  34  3:37  Stimpack  
  34  3:39  SCV x2  
  38  3:51  SCV x2  
  40  3:56  Marine x3  
  40  3:57  Marine x2  
  45  4:03  SCV x2  
  45  4:08  Factory  
  45  4:09  Supply Depot  
  47  4:14  Marine x2  
  47  4:15  SCV  
  47  4:16  Marine x3  
  53  4:26  SCV  
  53  4:27  Supply Depot  
  54  4:32  Supply Depot, Marine  
  54  4:36  Marine x2  
  54  4:37  Marine x2  
  59  4:49  Marine  
  59  4:50  Supply Depot  
  60  4:53  Factory Reactor  
  60  4:54  Marine  
  60  4:55  Starport  
  60  5:02  SCV  
  60  5:03  Marine x3, SCV  
  65  5:07  Supply Depot, Marine  
  65  5:12  Engineering Bay  
  66  5:14  SCV  
  66  5:15  Engineering Bay, SCV  
  68  5:22  Supply Depot  
  68  5:26  SCV, Marine  
  68  5:27  SCV, Marine x4  
  75  5:39  SCV  
  75  5:40  Supply Depot  
  75  5:41  Terran Infantry Weapons Level 1, Terran Infantry Armor Level 1  
  76  5:43  Refinery  
  66  6:05  Marine x4  
  66  6:06  Marine  
  63  6:12  Medivac x2  
  63  6:16  Command Center  
  63  6:17  Supply Depot  
  65  6:19  Supply Depot  
  65  6:23  Marine x5  
  70  6:32  Armory  
  70  6:33  SCV x2  
  72  6:41  Combat Shields  
  72  6:42  Medivac, Marauder  
  72  6:43  Marine x2  
  72  6:44  Marine  
  72  6:45  SCV, Marine  
  81  6:51  Widow Mine  
  81  6:53  SCV  
  84  6:59  Barracks  
  84  7:01  Barracks  
  84  7:03  Marauder  
  84  7:06  SCV  
  84  7:07  Marine x2, SCV  
  84  7:08  Marine x2  
  92  7:09  Medivac  
  92  7:14  Supply Depot  
  94  7:17  Supply Depot  
  94  7:19  SCV  
  94  7:32  Liberator x2  
  94  7:35  Marine x4  
  97  7:48  Marine  
  97  7:50  Orbital Command  
  104  7:52  Marine  
  96  8:09  Marine x3  
  96  8:10  Marine  
  96  8:11  Barracks Tech Lab  
  96  8:12  Barracks Tech Lab  
  100  8:15  Marine  
  100  8:19  Barracks x2  
  91  8:27  Marine x4  
  91  8:32  Marine x2  
  91  8:33  Marine  
  93  8:40  Medivac  
  93  8:41  Medivac  
  91  8:44  Marine  
  91  8:45  Marine  
  91  8:46  Marauder  
  95  8:49  Supply Depot  
  95  8:50  Supply Depot, Marauder  
  95  8:51  Marauder  
Tags
 
Add a new tag
Caveats
  • Supply blocks, unpowered buildings, or Contaminate may cause inaccurate times.
  • Supply counts are checked every 10 seconds.